 Dungeon Crawl Stone Soup version 0.31-a0-1-g4198be8af4 (webtiles) character file.

Game seed: 672016468801664182

55 retardedninja the Firebug (level 3, 0/26 HPs)
             Began as a Gnoll Fire Elementalist on May 2, 2023.
             Killed from afar by Natasha (12 damage)
             ... with a magic dart
             ... on level 2 of the Dungeon.
             The game lasted 00:02:16 (1920 turns).

retardedninja the Firebug (Gnoll Fire Elementalist) Turns: 1920, Time: 00:02:20

Health: 0/26       AC:  2    Str:  7    XL:     3   Next: 93%
Magic:  2/9        EV: 13    Int: 16    God:
Gold:   105        SH:  0    Dex: 12    Spells: 11/12 levels left

rFire   . . .        h - +0 spear
rCold   . . .        (no shield)
rNeg    . . .        a - +0 robe
rPois   .            (no helmet)
rElec   .            (no cloak)
rCorr   .            (no gloves)
SInv    .            (no boots)
Will    .....        (no amulet)
Stlth   ++           (no ring)
HPRegen 0.24/turn    (no ring)
MPRegen 0.11/turn

%: no passive effects
@: no status effects
A: fangs 1, strong nose, distributed training
a: no special abilities


You were on level 2 of the Dungeon.
You visited 1 branch of the dungeon, and saw 2 of its levels.

You collected 105 gold pieces.

Inventory:

Hand Weapons
 h - a +0 spear (weapon)
Missiles
 l - a throwing net
Armour
 a - a +0 robe (worn)
 o - a +0 pair of gloves
 s - a +0 pair of gloves
Jewellery
 e - a +5 ring of evasion
 j - a ring of resist corrosion
 r - a ring of wizardry
Scrolls
 f - a scroll of fear {unknown}
 g - a scroll of vulnerability {unknown}
 i - a scroll of noise {unknown}
 k - a scroll of magic mapping {unknown}
 m - a scroll of poison {unknown}
 n - 5 scrolls of identify {unknown}
 q - a scroll of fog {unknown}
 t - 2 scrolls of silence {unknown}
Potions
 b - 2 potions of magic
 c - 2 potions of curing
 d - a potion of attraction {unknown}
 p - a potion of resistance {unknown}


   Skills:
 + Level 1.0 Fighting
 + Level 1.0 Short Blades
 + Level 1.0 Long Blades
 + Level 1.0 Axes
 + Level 1.0 Maces & Flails
 + Level 1.0 Polearms
 + Level 1.0 Staves
 + Level 1.0 Ranged Weapons
 + Level 1.0 Throwing
 + Level 1.0 Armour
 + Level 4.6 Dodging
 + Level 4.2 Stealth
 + Level 1.0 Shields
 + Level 1.0 Unarmed Combat
 + Level 5.0 Spellcasting
 + Level 2.2 Conjurations
 + Level 0.7 Hexes
 + Level 0.7 Summonings
 + Level 0.7 Necromancy
 + Level 0.7 Translocations
 + Level 0.7 Transmutations
 + Level 5.4 Fire Magic
 + Level 0.7 Ice Magic
 + Level 0.7 Air Magic
 + Level 0.7 Earth Magic
 + Level 0.7 Poison Magic
 + Level 1.1 Invocations
 + Level 1.0 Evocations


You had 11 spell levels left.
You knew the following spells:

 Your Spells              Type           Power      Damage    Failure   Level
a - Foxfire               Conj/Fire      64%        2x1d7     3%          1

Your spell library contained the following spells:

 Spells                   Type           Power      Damage    Failure   Level
 Scorch                   Fire           42%        2d6       2%          2
 Inner Flame              Hex/Fire       14%        N/A       13%         3
 Volatile Blastmotes      Fire/Tloc      28%        2d12      13%         3
 Sublimation of Blood     Necr           6%         N/A       17%         2
 Wereblood                Tmut           6%         N/A       17%         2
 Flame Wave               Conj/Fire      16%        2d7       30%         4
 Summon Hydra             Summ           3%         N/A       100%        7


Dungeon Overview and Level Annotations

Branches:
Dungeon (2/15)

Altars:

Annotations:
D:2 Natasha


Innate Abilities, Weirdness & Mutations

You have very sharp teeth.
Your uncanny sense of smell can sniff out nearby items.
Your experience applies equally to all skills.


Message History

You conjure some foxfire!
Natasha closely misses you. The cerulean imp barely misses you.
The foxfire hits the cerulean imp.
The cerulean imp is moderately wounded.
The foxfire hits the cerulean imp but does no damage.
The cerulean imp is moderately wounded.
The cerulean imp hits you but does no damage.
Natasha casts a spell at you. The magic dart hits you.
Casting: Foxfire (safe; 3% risk of failure)
Press: ? - help, Q - select action, (/) - cycle Dir - look around, f - activate You conjure some foxfire!
Natasha misses you. The cerulean imp closely misses you.
Unknown command.
Casting: Foxfire (safe; 3% risk of failure)
Press: ? - help, Q - select action, (/) - cycle Dir - look around, f - activate You conjure some foxfire!
The foxfire hits the cerulean imp but does no damage.
The cerulean imp is moderately wounded.
The foxfire hits Natasha.
Natasha is severely wounded.
The cerulean imp completely misses you. Natasha closely misses you.
The foxfire hits the cerulean imp.
The cerulean imp is severely wounded.
The cerulean imp hits you with a +0 spear.
Natasha barely misses you.
Casting: Foxfire (safe; 3% risk of failure)
Press: ? - help, Q - select action, (/) - cycle Dir - look around, f - activate You conjure some foxfire!
Natasha claws you.
* * * LOW HITPOINT WARNING * * *
The cerulean imp closely misses you.
It was a potion of curing.
You feel better.
The foxfire hits the cerulean imp.
The cerulean imp is almost dead.
The foxfire hits the cerulean imp.
You kill the cerulean imp!
The cerulean imp disappears in a puff of smoke!
Natasha stares at you and mumbles some strange words.
The magic dart hits you!
You die...

..###..##.# ..(...###.#
#### )#######..# #...##
.........#### .....##
########>.).## ?.....#
##.##..## ..$.$.#
######..###..# ..)...#
#......## ##.###h....#
#.#########...§@.....#
#.# #....##.§.....#
##.#######.##.##......<#
##.........##..#.......#
...###########........##
.)####### ..##...##
........# ### ####
.(..###.#######
##########
..#...........#
#........#


You could see Natasha.

Vanquished Creatures
  An adder (D:2)
  2 dart slugs
  2 bats (D:2)
  4 endoplasms
  5 goblins
  3 hobgoblins
  3 jackals (D:2)
  6 kobolds
  3 quokkas
  4 ball pythons
  A frilled lizard (D:1)
  4 rats
38 creatures vanquished.

Vanquished Creatures (others)
  169 foxfires
169 creatures vanquished.

Grand Total: 207 creatures vanquished

Notes
Turn   | Place    | Note
-------+----------+-------------------------------------------
     0 | D:1      | retardedninja the Gnoll Fire Elementalist began the quest
                  | for the Orb.
     0 | D:1      | Reached XP level 1. HP: 13/13 MP: 6/6
   255 | D:1      | Reached XP level 2. HP: 19/19 MP: 4/7
   377 | D:1      | Found a faded altar of an unknown god.
  1061 | D:1      | Reached skill level 5 in Spellcasting
  1061 | D:1      | Reached XP level 3. HP: 25/25 MP: 6/9
  1375 | D:2      | Reached skill level 1 in Invocations
  1460 | D:2      | Reached skill level 1 in Fighting
  1460 | D:2      | Reached skill level 1 in Short Blades
  1460 | D:2      | Reached skill level 1 in Long Blades
  1460 | D:2      | Reached skill level 1 in Axes
  1460 | D:2      | Reached skill level 1 in Maces & Flails
  1460 | D:2      | Reached skill level 1 in Polearms
  1460 | D:2      | Reached skill level 1 in Staves
  1460 | D:2      | Reached skill level 1 in Ranged Weapons
  1460 | D:2      | Reached skill level 1 in Throwing
  1460 | D:2      | Reached skill level 1 in Armour
  1460 | D:2      | Reached skill level 1 in Shields
  1460 | D:2      | Reached skill level 1 in Unarmed Combat
  1460 | D:2      | Reached skill level 1 in Evocations
  1904 | D:2      | Noticed Natasha
  1920 | D:2      | Killed from afar by Natasha

Illustrated notes

Levels and vault maps discovered:
D:1:      tarquinn_simple_flora_water_a, layout_basic,
          shapermc_ecumenical_altar_venn, kennysheep_small_spiral, minivault_14
D:2:      layout_rooms, uniq_natasha

Skill      XL: |  1  2  3 |
---------------+----------+-----
Conjurations   | 2 |  2.2
Spellcasting   | 5 |  5.0
Invocations    | 1 |  1.1
Fighting       | 1 |  1.0
Short Blades   | 1 |  1.0
Long Blades    | 1 |  1.0
Axes           | 1 |  1.0
Maces & Flails | 1 |  1.0
Polearms       | 1 |  1.0
Staves         | 1 |  1.0
Ranged Weapons | 1 |  1.0
Throwing       | 1 |  1.0
Armour         | 1 |  1.0
Shields        | 1 |  1.0
Unarmed Combat | 1 |  1.0
Evocations     | 1 |  1.0
Dodging        | |  4.6
Stealth        | |  4.2
Hexes          | |  0.7
Summonings     | |  0.7
Necromancy     | |  0.7
Translocations | |  0.7
Transmutations | |  0.7
Fire Magic     | |  5.4
Ice Magic      | |  0.7
Air Magic      | |  0.7
Earth Magic    | |  0.7
Poison Magic   | |  0.7

Action                     || total
---------------------------++-------
   Cast: Foxfire           ||   101
    Use: Potion            ||     1
 Armour: Robe              ||     5
  Dodge: Dodged            ||    19

Table legend: (Time is in decaauts)
 A = Elapsed time spent in this place.
 B = Non-inter-level travel time spent in this place.
 C = Inter-level travel time spent in this place.
 D = Time resting spent in this place.
 E = Time spent auto-exploring this place.
 F = Levels seen in this place.
 G = Mean time per level.
                   A        B        C        D        E       F      G
               +--------+--------+--------+--------+--------+-----+--------+
         Total |   1919 |   1893 |     26 |      0 |   1593 |   2 |  959.5 |
       Dungeon |   1919 |   1893 |     26 |      0 |   1593 |   2 |  959.5 |
               +--------+--------+--------+--------+--------+-----+--------+

Top non-repeatable levels by time:
     D:1: 1130 daAuts
     D:2: 788 daAuts
